 Dungeon Crawl Stone Soup version 0.30-b1-2-g02819fbbbe (webtiles) character file.

Game seed: 7296240467689965384

111 Fartwhistle the Changer (level 4, -1/28 HPs)
             Began as an Octopode Transmuter on May 25, 2023.
             Killed from afar by a gnoll (7 damage)
             ... with a bolt of light
             ... on level 2 of the Dungeon.
             The game lasted 00:05:12 (1524 turns).

Fartwhistle the Changer (Octopode Transmuter)       Turns: 1524, Time: 00:05:12

Health: -1/28      AC:  6    Str:  9    XL:     4   Next: 92%
Magic:  3/8        EV: 19    Int: 17    God:
Gold:   45         SH:  0    Dex: 17    Spells: 4/8 levels left

rFire   . .          .
                       - Unarmed
rCold   . . .        (shield currently unavailable)
rNeg    . . .        (helmet currently unavailable)
rPois   x            (no amulet)
rElec   .            c - +4 ring of protection
rCorr   .            (no ring)
SInv    .            (no ring)
Will    .....        (no ring)
Stlth   ++           (no ring)
HPRegen 0.24/turn    (no ring)
MPRegen 0.11/turn    (no ring)
                     (no ring)

%: no passive effects
@: spider-form
A: venomous fangs, almost no armour, (amphibious), 8 rings, tiny, (camouflage
1), (gelatinous body 1), (nimble swimmer 1), (tentacles)
a: End Transformation


You were on level 2 of the Dungeon.
You were a venomous arachnid creature.
You visited 1 branch of the dungeon, and saw 2 of its levels.

You collected 45 gold pieces.

Inventory:

Missiles
 g - 3 boomerangs
Jewellery
 c - a +4 ring of protection (left front pincers)
 l - a +6 ring of dexterity
Scrolls
 b - 4 scrolls of identify {unknown}
 i - a scroll of vulnerability {unknown}
 j - a scroll of fog {unknown}
Potions
 a - a potion of lignification
 d - a potion of flight {unknown}
 e - a potion of ambrosia {unknown}
 f - a potion of curing {unknown}
 h - a potion of attraction {unknown}
 k - a potion of heal wounds {unknown}


   Skills:
 - Level 1.0 Fighting
 - Level 2.0 Dodging
 - Level 3.0 Unarmed Combat
 + Level 2.9 Spellcasting
 * Level 3.8 Transmutations
 + Level 1.8 Poison Magic


You had 4 spell levels left.
You knew the following spells:

 Your Spells              Type           Power      Damage    Failure   Level
a - Beastly Appendage     Tmut           30%        N/A       12%         1
b - Spider Form           Tmut/Pois      12%        N/A       34%         3

Your spell library contained the following spells:

 Spells                   Type           Power      Damage    Failure   Level
 Wereblood                Tmut           15%        N/A       16%         2
 Scorch                   Fire           4%         2d5       47%         2
 Frozen Ramparts          Ice            4%         1d1       69%         3
 Ice Form                 Ice/Tmut       9%         N/A       80%         4
 Flame Wave               Conj/Fire      2%         2d4       96%         4
 Summon Ice Beast         Ice/Summ       2%         N/A       96%         4
 Summon Cactus Giant      Summ           1%         N/A       100%        6


Dungeon Overview and Level Annotations

Branches:
Dungeon (2/15)

Altars:

Annotations:
D:2 Terence


Innate Abilities, Weirdness & Mutations

You are a venomous arachnid creature.
You have venomous fangs.
You are tiny and dextrous.
Your spellcasting is less reliable in this form.
Your armour is entirely melded.
You are incapable of wielding weapons or throwing items.
You cannot wear most types of armour.
((You are amphibious.))
You can wear up to eight rings at the same time.
((Your skin changes colour to match your surroundings (Stealth+).))
((Your rubbery body absorbs attacks. (AC +1, EV +1)))
((You are camouflaged when in or above water. (Stealth+)))
((You have tentacles for arms and can constrict up to eight enemies at once.))


Message History

Casting: Spider Form (quite dangerous; 17% risk of failure)
Confirm with . or Enter, or press ? or * to list all spells.
You don't know that spell.
A gnoll is nearby!
You release your grip on the gnoll.
Casting: Spider Form (quite dangerous; 17% risk of failure)
Confirm with . or Enter, or press ? or * to list all spells.
You don't know that spell.
Casting: Spider Form (quite dangerous; 17% risk of failure)
Confirm with . or Enter, or press ? or * to list all spells.
The spell is quite dangerous to miscast (17% risk of failure)!
Continue anyway?
You turn into a venomous arachnid creature.
The gnoll barely misses you.
You hit the gnoll but do no damage.
The gnoll is poisoned.
The gnoll is moderately wounded.
The gnoll hits you with a +0 club.
The gnoll shouts!
You hit the gnoll but do no damage.
The gnoll looks as sick as possible!
The gnoll is heavily wounded.
The gnoll barely misses you.
You hit the gnoll but do no damage.
The gnoll looks as sick as possible!
The gnoll is heavily wounded.
A gnoll comes into view.
It is wielding a +0 short sword and carrying a wand of light (9).
The gnoll hits you with a +0 club.
You hit the gnoll but do no damage.
The gnoll looks as sick as possible!
The gnoll is heavily wounded.
The gnoll completely misses you.
Your magical contamination has completely faded away.
You kill the gnoll!
The gnoll zaps a wand.
The bolt of light hits you!
You are confused.
* * * LOW HITPOINT WARNING * * *
You bump into the rock wall.
You bump into the rock wall.
The gnoll hits you with a +0 club.
* * * LOW HITPOINT WARNING * * *
The gnoll attacks as you move away! The gnoll closely misses you.
Found 5 gold pieces.
You feel less confused.
The gnoll zaps a wand.
The bolt of light hits you!
You die...

#.# #.####....
#.######.##......
#######.#......##.####.
...........)....#.# #.
###.#.g#.........####.
#..#.#.........##. #
#g.#.#.#######.##.
#.#..#(#.# #.##.
#.#s[....# #.##.
#..........# #....
#.#.#..###.# #.)..
#.#.#..# #.# #.###
##<#.#..###.#######.#
##....#..............#
#.###.....##.#######.##..#
....................##..#
###.....#############..#


You could see 2 gnolls.

Vanquished Creatures
  Natasha (twice) (D:2)
  A gnoll (D:2)
  An adder (D:2)
  A worm (D:2)
  An endoplasm (D:1)
  2 giant cockroaches (D:1)
  3 goblins
  4 hobgoblins
  8 jackals
  A quokka (D:1)
  5 ball pythons
  6 bats (D:1)
  3 rats
38 creatures vanquished.

Notes
Turn   | Place    | Note
-------+----------+-------------------------------------------
     0 | D:1      | Fartwhistle the Octopode Transmuter began the quest for the
                  | Orb.
     0 | D:1      | Reached XP level 1. HP: 13/13 MP: 3/3
   187 | D:1      | Reached XP level 2. HP: 12/18 MP: 3/5
   731 | D:1      | Reached XP level 3. HP: 22/23 MP: 4/6
   737 | D:1      | Learned a level 3 spell: Spider Form
   969 | D:2      | Found a faded altar of an unknown god.
  1259 | D:2      | Noticed Natasha
  1270 | D:2      | Killed Natasha
  1271 | D:2      | Reached skill level 1 in Poison Magic
  1271 | D:2      | Reached XP level 4. HP: 13/28 MP: 6/8
  1344 | D:2      | Noticed Terence
  1474 | D:2      | Noticed Natasha
  1482 | D:2      | Killed Natasha
  1524 | D:2      | Killed from afar by a gnoll

Illustrated notes

Levels and vault maps discovered:
D:1:      dpeg_arrival_ternary, layout_loops_corners
D:2:      layout_loops_ring, shapermc_ecumenical_altar_ellora,
          kennysheep_generic_room_3, uniq_terence, uniq_natasha

Skill      XL: |  1  2  3 |
---------------+----------+-----
Transmutations | 3 |  3.8
Poison Magic   | 1 |  1.8
Fighting       | |  1.0
Dodging        | |  2.0
Unarmed Combat | |  3.0
Spellcasting   | |  2.9

Action                     |  1- 3 |  4- 6 || total
---------------------------+-------+-------++-------
  Melee: Unarmed           |    76 |    25 ||   101
         Constrict         |    22 |     5 ||    27
         Tentacles         |    15 |     2 ||    17
         Kick              |    10 |     3 ||    13
   Cast: Beastly Appendage |     8 |     1 ||     9
         Spider Form       |       |     2 ||     2
   Stab: Sleeping          |     3 |       ||     3
 Armour: Skin              |    17 |     4 ||    21
  Dodge: Dodged            |    41 |    12 ||    53
